[ PARTIDA AOE2 · #471591761 ]
UnrankedPersas vs Bohemians
Equipo del jugador · DERR
[ ANÁLISIS DE REPETICIÓN · EXTRAÍDO DE LA PARTIDA GRABADA ]
Feudal
10:01
Castillos
13:20
Imperial
28:44
| APM promedio | 20.8 |
| APM pico | 38 |
| eAPM promedio | 13.4 |
| Aldeanos / militares | 170 / 36 |
Foco
⚔️ 12.3% · 🌾 87.7%
War Elephant ×23 · Scout Cavalry ×9 · Trebuchet (Packed) ×4
Feudal
12:53
Castillos
16:35
Imperial
29:19
| APM promedio | 36.9 |
| APM pico | 71 |
| eAPM promedio | 23.7 |
| Aldeanos / militares | 158 / 80 |
Foco
⚔️ 23.7% · 🌾 76.3%
Spearman ×61 · Monk ×7 · Trebuchet (Packed) ×6 · Bombard Cannon ×4 · Mangonel ×2
Feudal
11:55
Castillos
15:50
Imperial
—
| APM promedio | 22.7 |
| APM pico | 44 |
| eAPM promedio | 14.7 |
| Aldeanos / militares | 137 / 60 |
Foco
⚔️ 19.4% · 🌾 80.6%
Spearman ×24 · Militia ×21 · Genoese Crossbowman ×7 · Mangonel ×6 · Monk ×2
Feudal
11:45
Castillos
15:40
Imperial
—
| APM promedio | 32.7 |
| APM pico | 81 |
| eAPM promedio | 17.1 |
| Aldeanos / militares | 150 / 53 |
Foco
⚔️ 19.5% · 🌾 80.5%
Knight ×44 · Conquistador ×5 · Battering Ram ×4
Feudal
13:19
Castillos
—
Imperial
—
| APM promedio | 33.6 |
| APM pico | 141 |
| eAPM promedio | 17.6 |
| Aldeanos / militares | 76 / 47 |
Foco
⚔️ 33.6% · 🌾 66.4%
Militia ×32 · Spearman ×10 · Battering Ram ×5
Feudal
11:24
Castillos
15:02
Imperial
29:53
| APM promedio | 31.3 |
| APM pico | 61 |
| eAPM promedio | 18.2 |
| Aldeanos / militares | 59 / 34 |
Foco
⚔️ 22.4% · 🌾 77.6%
Genoese Crossbowman ×15 · Monk ×10 · Battering Ram ×5 · Trebuchet (Packed) ×3 · Mangonel ×1
Feudal
—
Castillos
—
Imperial
—
| APM promedio | 41.9 |
| APM pico | 118 |
| eAPM promedio | 18.2 |
| Aldeanos / militares | 76 / 11 |
Foco
⚔️ 25.1% · 🌾 74.9%
Mangonel ×6 · Cataphract ×4 · Monk ×1
Feudal
15:38
Castillos
32:55
Imperial
—
| APM promedio | 35.4 |
| APM pico | 76 |
| eAPM promedio | 14.4 |
| Aldeanos / militares | 73 / 0 |
Foco
⚔️ 26.1% · 🌾 73.9%
Unknown (2550) ×33
Mapa de la partida
Recursos iniciales + cada clic de construcción. Líneas = muros · curvas = relieve. ◆ oro · ⬟ piedra · ● bayas · ✦ reliquia · ◌ hueco del cierre
Tu base· ✓ Cerrada en 13:20 · 0t muro · sin puerta
Base de Deer140· ✓ Cerrada en 16:35 · 16t muro · sin puerta
Base de SisyphusClimbs· ✓ Cerrada en 15:50 · 15t muro · sin puerta
Base de 諸葛馬摩說錦囊有妙計· ✓ Cerrada en 15:40 · 0t muro · sin puerta
Base de the Puchu· ✓ Cerrada en 12:00 · 10t muro · sin puerta
Base de 劉劉家· ✓ Cerrada en 15:02 · 36t muro · sin puerta
Base de MinorCloud9519· ✓ Cerrada en 12:58 · 46t muro · sin puerta
Base de 李太尊· ✓ Cerrada en 32:55 · 54t muro · 2 puerta(s)
Terreno inicial suavizado · ◌ = hueco del cierre detectado · pasá el cursor para detalles
Inputs por minuto
— 凱瑞Kary - - Deer140
Build order — 凱瑞Kary
Primeras 150 de 325 acciones detectadas
| 0:01 | Crear | Villager (Male) |
| 0:01 | Crear | Villager (Male) |
| 0:01 | Crear | Villager (Male) |
| 0:01 | Crear | Villager (Male) |
| 0:03 | Construir | House |
| 0:04 | Construir | House |
| 0:27 | Crear | Villager (Male) |
| 0:27 | Crear | Villager (Male) |
| 1:35 | Crear | Villager (Male) |
| 1:52 | Construir | Lumber Camp |
| 2:11 | Crear | Villager (Male) |
| 2:12 | Crear | Villager (Male) |
| 2:25 | Construir | House |
| 2:26 | Construir | House |
| 3:04 | Crear | Villager (Male) |
| 3:04 | Crear | Villager (Male) |
| 3:04 | Crear | Villager (Male) |
| 3:04 | Crear | Villager (Male) |
| 4:21 | Crear | Villager (Male) |
| 4:21 | Crear | Villager (Male) |
| 4:40 | Construir | Mill |
| 4:51 | Crear | Villager (Male) |
| 5:13 | Crear | Villager (Male) |
| 5:14 | Crear | Villager (Male) |
| 5:14 | Crear | Villager (Male) |
| 5:35 | Crear | Villager (Male) |
| 5:44 | Construir | House |
| 6:20 | Construir | Mining Camp |
| 6:26 | Crear | Villager (Male) |
| 6:26 | Crear | Villager (Male) |
| 6:26 | Crear | Villager (Male) |
| 6:44 | Investigar | Loom |
| 7:57 | Investigar | Feudal Age |
| 7:57 | Investigar | Feudal Age |
| 8:55 | Crear | Villager (Male) |
| 8:55 | Crear | Villager (Male) |
| 9:14 | Construir | Farm |
| 10:01 | Edad | Edad Feudal |
| 10:03 | Construir | Market |
| 10:06 | Construir | Blacksmith |
| 10:21 | Crear | Villager (Male) |
| 10:55 | Investigar | Castle Age |
| 11:46 | Investigar | Horse Collar |
| 11:49 | Investigar | Double-Bit Axe |
| 13:20 | Edad | Edad de los Castillos |
| 13:28 | Construir | Town Center |
| 13:31 | Crear | Villager (Male) |
| 13:32 | Crear | Villager (Male) |
| 14:02 | Construir | Town Center |
| 14:11 | Crear | Villager (Male) |
| 14:11 | Crear | Villager (Male) |
| 14:40 | Crear | Villager (Male) |
| 14:42 | Crear | Villager (Male) |
| 14:42 | Crear | Villager (Male) |
| 15:01 | Crear | Villager (Male) |
| 15:10 | Crear | Villager (Male) |
| 15:10 | Crear | Villager (Male) |
| 15:23 | Construir | Town Center |
| 15:33 | Crear | Villager (Male) |
| 15:33 | Crear | Villager (Male) |
| 15:33 | Crear | Villager (Male) |
| 15:44 | Construir | Farm |
| 15:46 | Construir | Farm |
| 15:56 | Construir | House |
| 15:58 | Construir | House |
| 16:06 | Crear | Villager (Male) |
| 16:06 | Crear | Villager (Male) |
| 16:15 | Construir | House |
| 16:22 | Construir | House |
| 16:25 | Crear | Villager (Male) |
| 16:25 | Crear | Villager (Male) |
| 16:36 | Construir | Farm |
| 16:41 | Construir | Farm |
| 16:44 | Crear | Villager (Male) |
| 16:44 | Crear | Villager (Male) |
| 16:44 | Crear | Villager (Male) |
| 16:52 | Construir | Farm |
| 16:53 | Construir | Farm |
| 17:03 | Crear | Villager (Male) |
| 17:11 | Construir | Farm |
| 17:23 | Crear | Villager (Male) |
| 17:23 | Crear | Villager (Male) |
| 17:24 | Crear | Villager (Male) |
| 17:27 | Construir | Farm |
| 17:31 | Construir | Farm |
| 17:34 | Construir | Farm |
| 17:36 | Crear | Villager (Male) |
| 17:45 | Crear | Villager (Male) |
| 17:51 | Construir | Farm |
| 17:59 | Construir | Farm |
| 18:00 | Crear | Villager (Male) |
| 18:00 | Crear | Villager (Male) |
| 18:07 | Construir | Farm |
| 18:08 | Crear | Villager (Male) |
| 18:09 | Crear | Villager (Male) |
| 18:09 | Crear | Villager (Male) |
| 18:14 | Construir | Farm |
| 18:26 | Construir | Farm |
| 18:26 | Crear | Villager (Male) |
| 18:27 | Crear | Villager (Male) |
| 18:27 | Crear | Villager (Male) |
| 18:35 | Construir | House |
| 18:38 | Crear | Villager (Male) |
| 18:44 | Construir | Farm |
| 18:50 | Crear | Villager (Male) |
| 18:50 | Crear | Villager (Male) |
| 18:52 | Crear | Villager (Male) |
| 18:56 | Construir | Farm |
| 19:01 | Construir | Farm |
| 19:03 | Crear | Villager (Male) |
| 19:08 | Construir | Farm |
| 19:09 | Crear | Villager (Male) |
| 19:20 | Crear | Villager (Male) |
| 19:22 | Construir | Farm |
| 19:29 | Construir | Farm |
| 19:30 | Crear | Villager (Male) |
| 19:30 | Crear | Villager (Male) |
| 19:40 | Crear | Villager (Male) |
| 19:40 | Crear | Villager (Male) |
| 19:40 | Crear | Villager (Male) |
| 19:44 | Construir | Farm |
| 19:46 | Construir | Farm |
| 19:48 | Construir | House |
| 19:55 | Construir | House |
| 19:56 | Crear | Villager (Male) |
| 19:57 | Crear | Villager (Male) |
| 19:57 | Crear | Villager (Male) |
| 20:01 | Construir | Farm |
| 20:05 | Construir | Farm |
| 20:11 | Construir | Farm |
| 20:13 | Crear | Villager (Male) |
| 20:13 | Crear | Villager (Male) |
| 20:13 | Crear | Villager (Male) |
| 20:22 | Construir | Farm |
| 20:23 | Crear | Villager (Male) |
| 20:23 | Crear | Villager (Male) |
| 20:23 | Crear | Villager (Male) |
| 20:26 | Construir | Farm |
| 20:31 | Construir | House |
| 20:32 | Construir | House |
| 20:33 | Crear | Villager (Male) |
| 20:33 | Crear | Villager (Male) |
| 20:39 | Construir | Farm |
| 20:45 | Construir | Farm |
| 20:45 | Crear | Villager (Male) |
| 20:46 | Crear | Villager (Male) |
| 20:46 | Crear | Villager (Male) |
| 20:53 | Construir | Farm |
| 20:56 | Crear | Villager (Male) |
| 20:56 | Crear | Villager (Male) |
Build order — Deer140
Primeras 150 de 349 acciones detectadas
| 0:01 | Crear | Villager (Male) |
| 0:02 | Crear | Villager (Male) |
| 0:02 | Crear | Villager (Male) |
| 0:04 | Construir | House |
| 0:05 | Construir | House |
| 0:15 | Crear | Villager (Male) |
| 1:48 | Crear | Villager (Male) |
| 2:00 | Construir | Palisade Wall |
| 2:12 | Crear | Villager (Male) |
| 2:35 | Construir | Lumber Camp |
| 2:49 | Crear | Villager (Male) |
| 2:49 | Crear | Villager (Male) |
| 3:10 | Crear | Villager (Male) |
| 3:19 | Construir | House |
| 3:20 | Construir | House |
| 3:24 | Crear | Villager (Male) |
| 3:43 | Construir | Palisade Wall |
| 4:28 | Crear | Villager (Male) |
| 4:42 | Crear | Villager (Male) |
| 4:42 | Crear | Villager (Male) |
| 4:42 | Crear | Villager (Male) |
| 4:48 | Construir | Palisade Wall |
| 5:03 | Crear | Villager (Male) |
| 5:33 | Crear | Villager (Male) |
| 5:38 | Crear | Villager (Male) |
| 5:59 | Construir | Mill |
| 6:07 | Crear | Villager (Male) |
| 6:16 | Construir | House |
| 6:22 | Crear | Villager (Male) |
| 6:35 | Crear | Villager (Male) |
| 7:23 | Crear | Villager (Male) |
| 7:32 | Crear | Villager (Male) |
| 7:38 | Crear | Villager (Male) |
| 8:05 | Construir | House |
| 8:10 | Crear | Villager (Male) |
| 8:23 | Crear | Villager (Male) |
| 8:30 | Construir | House |
| 8:38 | Crear | Villager (Male) |
| 8:49 | Crear | Villager (Male) |
| 9:29 | Construir | House |
| 9:36 | Crear | Villager (Male) |
| 9:42 | Construir | House |
| 9:46 | Construir | House |
| 10:04 | Crear | Villager (Male) |
| 10:33 | Investigar | Feudal Age |
| 10:42 | Construir | Mining Camp |
| 11:46 | Crear | Villager (Male) |
| 12:07 | Crear | Villager (Male) |
| 12:42 | Crear | Villager (Male) |
| 12:53 | Edad | Edad Feudal |
| 12:57 | Construir | Market |
| 12:59 | Construir | Blacksmith |
| 13:01 | Construir | House |
| 13:09 | Investigar | Loom |
| 13:55 | Investigar | Castle Age |
| 13:55 | Investigar | Castle Age |
| 14:01 | Construir | House |
| 14:05 | Construir | Farm |
| 14:08 | Construir | Farm |
| 14:11 | Construir | Farm |
| 14:17 | Crear | Villager (Male) |
| 14:34 | Crear | Villager (Male) |
| 14:42 | Construir | House |
| 14:43 | Construir | House |
| 14:56 | Investigar | Double-Bit Axe |
| 14:58 | Investigar | Horse Collar |
| 15:06 | Construir | Farm |
| 15:36 | Construir | Farm |
| 16:31 | Construir | House |
| 16:35 | Edad | Edad de los Castillos |
| 16:41 | Construir | Town Center |
| 16:48 | Construir | Town Center |
| 16:52 | Investigar | Bow Saw |
| 16:54 | Crear | Villager (Male) |
| 16:54 | Crear | Villager (Male) |
| 17:02 | Construir | House |
| 17:11 | Construir | Farm |
| 17:28 | Crear | Villager (Male) |
| 17:33 | Construir | House |
| 17:37 | Construir | Farm |
| 17:52 | Crear | Villager (Male) |
| 17:57 | Construir | Farm |
| 17:59 | Crear | Villager (Male) |
| 18:01 | Construir | Farm |
| 18:04 | Construir | House |
| 18:10 | Crear | Villager (Male) |
| 18:21 | Construir | Farm |
| 18:31 | Crear | Villager (Male) |
| 18:32 | Crear | Villager (Male) |
| 18:36 | Crear | Villager (Male) |
| 18:36 | Crear | Villager (Male) |
| 18:42 | Construir | House |
| 18:44 | Construir | House |
| 18:48 | Construir | Farm |
| 18:50 | Crear | Villager (Male) |
| 18:53 | Construir | Farm |
| 18:54 | Crear | Villager (Male) |
| 18:58 | Construir | House |
| 18:59 | Construir | House |
| 19:01 | Crear | Villager (Male) |
| 19:05 | Construir | Farm |
| 19:06 | Crear | Villager (Male) |
| 19:14 | Construir | Farm |
| 19:23 | Crear | Villager (Male) |
| 19:26 | Construir | Farm |
| 19:27 | Construir | Farm |
| 19:28 | Crear | Villager (Male) |
| 19:38 | Investigar | Wheelbarrow |
| 19:44 | Construir | Farm |
| 19:52 | Construir | House |
| 19:59 | Crear | Villager (Male) |
| 20:11 | Construir | Monastery |
| 20:15 | Crear | Villager (Male) |
| 20:21 | Construir | Farm |
| 20:22 | Crear | Villager (Male) |
| 20:27 | Construir | House |
| 20:28 | Crear | Villager (Male) |
| 20:31 | Construir | Farm |
| 20:32 | Crear | Villager (Male) |
| 20:34 | Crear | Villager (Male) |
| 20:48 | Crear | Villager (Male) |
| 21:07 | Construir | Town Center |
| 21:15 | Construir | House |
| 21:16 | Crear | Villager (Male) |
| 21:17 | Crear | Villager (Male) |
| 21:17 | Crear | Villager (Male) |
| 21:19 | Crear | Monk |
| 21:22 | Crear | Monk |
| 21:27 | Crear | Villager (Male) |
| 21:31 | Construir | Farm |
| 21:31 | Construir | Farm |
| 21:31 | Construir | Farm |
| 21:31 | Construir | Farm |
| 21:37 | Crear | Villager (Male) |
| 21:40 | Construir | Farm |
| 21:42 | Crear | Villager (Male) |
| 21:47 | Construir | House |
| 21:49 | Construir | House |
| 21:58 | Crear | Villager (Male) |
| 21:58 | Crear | Villager (Male) |
| 22:14 | Crear | Villager (Male) |
| 22:15 | Crear | Monk |
| 22:21 | Construir | Farm |
| 22:22 | Crear | Villager (Male) |
| 22:28 | Crear | Villager (Male) |
| 22:37 | Construir | University |
| 22:39 | Crear | Villager (Male) |
| 22:39 | Crear | Villager (Male) |
| 22:41 | Crear | Villager (Male) |
| 22:44 | Construir | Farm |
Build order — SisyphusClimbs
Primeras 150 de 216 acciones detectadas
| 0:01 | Crear | Villager (Male) ×4 |
| 0:01 | Crear | Villager (Male) ×4 |
| 0:02 | Construir | House |
| 0:04 | Construir | House |
| 1:26 | Crear | Villager (Male) |
| 2:09 | Crear | Villager (Male) |
| 2:14 | Construir | Lumber Camp |
| 2:21 | Crear | Villager (Male) |
| 2:38 | Construir | Palisade Wall |
| 2:51 | Construir | House |
| 3:01 | Construir | House |
| 3:02 | Crear | Villager (Male) |
| 3:03 | Crear | Villager (Male) |
| 3:03 | Crear | Villager (Male) |
| 3:52 | Crear | Villager (Male) |
| 3:52 | Crear | Villager (Male) |
| 4:29 | Construir | Palisade Wall |
| 5:08 | Construir | Mill |
| 5:10 | Crear | Villager (Male) ×3 |
| 6:11 | Crear | Villager (Male) |
| 6:36 | Crear | Villager (Male) ×4 |
| 6:57 | Crear | Villager (Male) |
| 7:28 | Crear | Villager (Male) |
| 8:16 | Construir | Mining Camp |
| 8:57 | Crear | Villager (Male) |
| 9:02 | Construir | House |
| 9:05 | Investigar | Loom |
| 9:27 | Investigar | Feudal Age |
| 9:30 | Crear | Villager (Male) |
| 9:30 | Crear | Villager (Male) |
| 11:55 | Edad | Edad Feudal |
| 12:06 | Construir | Blacksmith |
| 12:08 | Construir | Market |
| 12:12 | Investigar | Double-Bit Axe |
| 12:18 | Crear | Villager (Male) |
| 13:10 | Investigar | Castle Age |
| 13:10 | Investigar | Castle Age |
| 13:39 | Construir | House |
| 13:40 | Construir | House |
| 14:39 | Investigar | Wheelbarrow |
| 14:42 | Crear | Villager (Male) |
| 14:42 | Crear | Villager (Male) |
| 14:42 | Crear | Villager (Male) |
| 15:50 | Edad | Edad de los Castillos |
| 15:51 | Construir | Town Center |
| 15:57 | Construir | Town Center |
| 16:07 | Investigar | Horse Collar |
| 16:29 | Construir | Farm |
| 16:46 | Crear | Villager (Male) |
| 16:46 | Crear | Villager (Male) |
| 16:52 | Construir | Farm |
| 17:38 | Crear | Villager (Male) |
| 17:38 | Crear | Villager (Male) |
| 17:39 | Crear | Villager (Male) ×2 |
| 17:42 | Construir | Farm |
| 17:48 | Construir | Farm |
| 17:49 | Construir | Farm |
| 17:54 | Construir | Farm |
| 18:02 | Construir | Farm |
| 18:10 | Construir | Farm |
| 18:14 | Construir | Farm |
| 18:23 | Construir | Farm |
| 18:40 | Crear | Villager (Male) |
| 18:54 | Construir | Farm |
| 18:57 | Construir | Farm |
| 19:04 | Construir | Farm |
| 19:06 | Construir | Farm |
| 19:08 | Crear | Villager (Male) ×2 |
| 19:16 | Crear | Villager (Male) ×3 |
| 19:19 | Construir | Farm |
| 19:40 | Crear | Villager (Male) |
| 19:40 | Crear | Villager (Male) |
| 19:43 | Construir | Farm |
| 19:54 | Crear | Villager (Male) |
| 20:00 | Construir | Farm |
| 20:01 | Construir | Farm |
| 20:03 | Construir | Farm |
| 20:07 | Crear | Villager (Male) |
| 20:16 | Construir | House |
| 20:17 | Construir | House |
| 20:17 | Construir | House |
| 20:18 | Construir | House |
| 20:18 | Construir | House |
| 20:19 | Construir | House |
| 20:22 | Crear | Villager (Male) ×2 |
| 20:36 | Construir | House |
| 20:36 | Construir | House |
| 20:37 | Construir | House |
| 20:38 | Construir | House |
| 20:39 | Construir | House |
| 20:39 | Construir | House |
| 20:41 | Crear | Villager (Male) ×4 |
| 21:05 | Investigar | Bow Saw |
| 21:10 | Crear | Villager (Male) |
| 21:14 | Crear | Villager (Male) |
| 21:14 | Crear | Villager (Male) |
| 21:20 | Construir | Farm |
| 21:35 | Construir | Monastery |
| 21:36 | Crear | Villager (Male) ×3 |
| 21:50 | Construir | Farm |
| 21:55 | Crear | Villager (Male) |
| 21:56 | Crear | Villager (Male) |
| 21:56 | Crear | Villager (Male) |
| 22:03 | Construir | House |
| 22:04 | Construir | House |
| 22:05 | Construir | House |
| 22:09 | Construir | House |
| 22:10 | Construir | House |
| 22:10 | Construir | House |
| 22:12 | Crear | Villager (Male) |
| 22:12 | Crear | Villager (Male) |
| 22:12 | Crear | Villager (Male) |
| 22:15 | Construir | Farm |
| 22:25 | Crear | Monk |
| 22:43 | Crear | Villager (Male) |
| 22:43 | Crear | Villager (Male) |
| 22:43 | Crear | Villager (Male) |
| 22:50 | Construir | Town Center |
| 22:59 | Crear | Villager (Male) |
| 22:59 | Crear | Villager (Male) |
| 22:59 | Crear | Villager (Male) |
| 23:04 | Construir | Farm |
| 23:06 | Construir | Farm |
| 23:14 | Construir | Farm |
| 24:03 | Crear | Monk |
| 24:05 | Crear | Villager (Male) ×5 |
| 24:07 | Crear | Villager (Male) |
| 24:08 | Crear | Villager (Male) |
| 24:08 | Crear | Villager (Male) |
| 24:11 | Construir | Farm |
| 24:12 | Construir | Farm |
| 24:13 | Construir | Farm |
| 24:14 | Construir | Farm |
| 24:15 | Investigar | Heavy Plow |
| 24:20 | Investigar | Hand Cart |
| 24:33 | Construir | Farm |
| 24:34 | Construir | Farm |
| 24:38 | Construir | Farm |
| 24:53 | Construir | Barracks |
| 24:57 | Crear | Villager (Male) ×5 |
| 24:59 | Crear | Villager (Male) |
| 24:59 | Crear | Villager (Male) |
| 25:04 | Construir | Barracks |
| 25:09 | Investigar | Forging |
| 25:09 | Investigar | Scale Mail Armor |
| 25:30 | Construir | Mining Camp |
| 25:48 | Investigar | Man-at-Arms (upgrade) |
| 25:49 | Construir | Barracks |
| 25:54 | Construir | Barracks |
| 25:59 | Crear | Villager (Male) ×5 |
Build order — 諸葛馬摩說錦囊有妙計
Primeras 150 de 328 acciones detectadas
| 0:02 | Crear | Villager (Male) ×4 |
| 0:04 | Construir | House |
| 0:05 | Construir | House |
| 1:25 | Crear | Villager (Male) |
| 1:26 | Crear | Villager (Male) |
| 1:56 | Construir | Lumber Camp |
| 2:00 | Crear | Villager (Male) |
| 2:00 | Crear | Villager (Male) |
| 2:19 | Crear | Villager (Male) |
| 3:01 | Crear | Villager (Male) |
| 3:01 | Crear | Villager (Male) |
| 3:14 | Crear | Villager (Male) |
| 3:14 | Crear | Villager (Male) |
| 3:38 | Crear | Villager (Male) |
| 3:39 | Crear | Villager (Male) |
| 3:58 | Crear | Villager (Male) |
| 3:58 | Crear | Villager (Male) |
| 4:30 | Construir | House |
| 4:37 | Crear | Villager (Male) |
| 4:38 | Crear | Villager (Male) |
| 4:43 | Construir | House |
| 5:05 | Crear | Villager (Male) |
| 5:06 | Crear | Villager (Male) |
| 5:06 | Crear | Villager (Male) |
| 5:15 | Crear | Villager (Male) |
| 5:15 | Crear | Villager (Male) |
| 6:00 | Crear | Villager (Male) |
| 6:40 | Crear | Villager (Male) |
| 6:41 | Crear | Villager (Male) |
| 6:56 | Crear | Villager (Male) |
| 6:56 | Crear | Villager (Male) |
| 7:16 | Crear | Villager (Male) |
| 7:16 | Crear | Villager (Male) |
| 7:16 | Crear | Villager (Male) |
| 7:24 | Construir | Mill |
| 7:33 | Crear | Villager (Male) |
| 8:16 | Crear | Villager (Male) |
| 8:48 | Investigar | Loom |
| 9:24 | Construir | Mining Camp |
| 9:27 | Investigar | Feudal Age |
| 9:38 | Construir | Mill |
| 10:01 | Construir | House |
| 10:53 | Crear | Villager (Male) |
| 10:53 | Crear | Villager (Male) |
| 10:54 | Crear | Villager (Male) |
| 11:45 | Edad | Edad Feudal |
| 11:48 | Construir | Market |
| 11:52 | Construir | Blacksmith |
| 12:56 | Investigar | Castle Age |
| 13:36 | Investigar | Double-Bit Axe |
| 15:03 | Construir | House |
| 15:18 | Crear | Villager (Male) |
| 15:18 | Crear | Villager (Male) |
| 15:23 | Investigar | Horse Collar |
| 15:40 | Edad | Edad de los Castillos |
| 15:43 | Construir | Town Center |
| 15:50 | Construir | Town Center |
| 15:56 | Construir | Town Center |
| 16:00 | Crear | Villager (Male) |
| 16:11 | Construir | Farm |
| 16:13 | Construir | Farm |
| 16:21 | Construir | Farm |
| 16:21 | Construir | Farm |
| 16:21 | Construir | Farm |
| 16:22 | Construir | Farm |
| 16:32 | Crear | Villager (Male) |
| 16:40 | Construir | Farm |
| 16:44 | Crear | Villager (Male) |
| 16:53 | Crear | Villager (Male) |
| 16:54 | Crear | Villager (Male) |
| 16:58 | Crear | Villager (Male) |
| 16:59 | Crear | Villager (Male) |
| 16:59 | Crear | Villager (Male) |
| 16:59 | Crear | Villager (Male) |
| 17:02 | Construir | Farm |
| 17:04 | Crear | Villager (Male) |
| 17:20 | Investigar | Bow Saw |
| 17:31 | Construir | Farm |
| 17:34 | Crear | Villager (Male) |
| 17:49 | Construir | Farm |
| 17:49 | Construir | Farm |
| 17:51 | Construir | Farm |
| 17:52 | Crear | Villager (Male) |
| 17:53 | Crear | Villager (Male) |
| 17:59 | Crear | Villager (Male) |
| 18:04 | Construir | Farm |
| 18:05 | Construir | Farm |
| 18:15 | Construir | House |
| 18:17 | Construir | House |
| 18:20 | Crear | Villager (Male) |
| 18:20 | Crear | Villager (Male) |
| 18:26 | Construir | Farm |
| 18:27 | Construir | Farm |
| 18:28 | Construir | Farm |
| 18:31 | Crear | Villager (Male) |
| 18:31 | Crear | Villager (Male) |
| 18:35 | Construir | Farm |
| 18:45 | Crear | Villager (Male) |
| 18:49 | Construir | Farm |
| 18:50 | Construir | Farm |
| 18:53 | Construir | Farm |
| 18:54 | Construir | Farm |
| 19:00 | Crear | Villager (Male) |
| 19:00 | Crear | Villager (Male) |
| 19:10 | Construir | House |
| 19:12 | Construir | House |
| 19:17 | Construir | Farm |
| 19:18 | Crear | Villager (Male) |
| 19:19 | Crear | Villager (Male) |
| 19:22 | Construir | Farm |
| 19:23 | Construir | Farm |
| 19:25 | Construir | Farm |
| 19:26 | Construir | Farm |
| 19:27 | Construir | Farm |
| 19:28 | Crear | Villager (Male) |
| 19:32 | Construir | Farm |
| 19:34 | Crear | Villager (Male) |
| 19:34 | Crear | Villager (Male) |
| 19:41 | Crear | Villager (Male) |
| 19:46 | Crear | Villager (Male) |
| 19:51 | Construir | Farm |
| 19:52 | Construir | Farm |
| 19:57 | Crear | Villager (Male) |
| 20:03 | Construir | Mill |
| 20:04 | Construir | Farm |
| 20:04 | Construir | Farm |
| 20:05 | Construir | Farm |
| 20:05 | Construir | Farm |
| 20:08 | Crear | Villager (Male) |
| 20:08 | Crear | Villager (Male) |
| 20:11 | Crear | Villager (Male) |
| 20:16 | Construir | Farm |
| 20:17 | Construir | Farm |
| 20:18 | Construir | Farm |
| 20:20 | Crear | Villager (Male) |
| 20:28 | Crear | Villager (Male) |
| 20:29 | Crear | Villager (Male) |
| 20:32 | Crear | Villager (Male) |
| 20:32 | Crear | Villager (Male) |
| 20:34 | Construir | Farm |
| 20:38 | Crear | Villager (Male) |
| 20:49 | Crear | Villager (Male) |
| 20:50 | Crear | Villager (Male) |
| 20:50 | Crear | Villager (Male) |
| 20:56 | Crear | Villager (Male) |
| 20:56 | Crear | Villager (Male) |
| 21:00 | Crear | Villager (Male) |
| 21:04 | Crear | Villager (Male) |
| 21:04 | Crear | Villager (Male) |
| 21:08 | Crear | Villager (Male) |
Build order — the Puchu
Primeras 150 de 203 acciones detectadas
| 0:03 | Crear | Villager (Male) |
| 0:03 | Crear | Villager (Male) |
| 0:04 | Crear | Villager (Male) |
| 0:05 | Construir | House |
| 0:06 | Construir | House |
| 0:08 | Crear | Villager (Male) |
| 1:31 | Crear | Villager (Male) |
| 2:17 | Construir | Lumber Camp |
| 2:19 | Investigar | Loom |
| 2:27 | Construir | House |
| 2:31 | Construir | House |
| 3:04 | Crear | Villager (Male) |
| 3:14 | Crear | Villager (Male) |
| 3:14 | Crear | Villager (Male) |
| 3:14 | Crear | Villager (Male) |
| 4:12 | Crear | Villager (Male) |
| 4:12 | Crear | Villager (Male) |
| 5:11 | Construir | Palisade Wall |
| 5:13 | Construir | Palisade Wall |
| 5:14 | Construir | Palisade Wall |
| 5:20 | Crear | Villager (Male) |
| 5:20 | Crear | Villager (Male) |
| 5:40 | Crear | Villager (Male) |
| 5:41 | Crear | Villager (Male) |
| 6:09 | Crear | Villager (Male) |
| 6:10 | Crear | Villager (Male) |
| 6:16 | Construir | House |
| 6:43 | Construir | House |
| 7:03 | Crear | Villager (Male) |
| 7:04 | Crear | Villager (Male) |
| 7:26 | Construir | Palisade Wall |
| 7:49 | Construir | Mill |
| 8:02 | Crear | Villager (Male) |
| 9:47 | Crear | Villager (Male) |
| 9:47 | Crear | Villager (Male) |
| 9:48 | Crear | Villager (Male) |
| 10:12 | Crear | Villager (Male) |
| 10:13 | Crear | Villager (Male) |
| 10:21 | Construir | Lumber Camp |
| 10:25 | Construir | Mining Camp |
| 10:46 | Construir | Barracks |
| 11:09 | Investigar | Feudal Age |
| 11:10 | Investigar | Feudal Age |
| 12:20 | Construir | Mill |
| 12:30 | Construir | Palisade Wall |
| 12:32 | Construir | Palisade Gate |
| 12:36 | Crear | Militia |
| 12:36 | Crear | Militia |
| 12:36 | Crear | Militia |
| 12:37 | Crear | Militia |
| 12:54 | Crear | Villager (Male) |
| 12:54 | Crear | Villager (Male) |
| 13:13 | Construir | House |
| 13:19 | Edad | Edad Feudal |
| 13:22 | Crear | Villager (Male) |
| 13:22 | Crear | Villager (Male) |
| 13:37 | Crear | Villager (Male) |
| 13:46 | Construir | Blacksmith |
| 13:56 | Crear | Spearman |
| 13:56 | Crear | Spearman |
| 14:20 | Construir | Siege Workshop |
| 14:25 | Crear | Villager (Male) |
| 14:41 | Crear | Villager (Male) |
| 14:41 | Crear | Villager (Male) |
| 14:54 | Crear | Battering Ram |
| 14:54 | Crear | Battering Ram |
| 15:00 | Crear | Villager (Male) |
| 15:04 | Investigar | Man-at-Arms (upgrade) |
| 15:17 | Investigar | Horse Collar |
| 15:21 | Construir | Farm |
| 15:21 | Construir | Farm |
| 15:21 | Construir | Farm |
| 15:21 | Construir | Farm |
| 15:52 | Crear | Villager (Male) |
| 15:58 | Crear | Battering Ram |
| 16:02 | Crear | Villager (Male) |
| 16:02 | Crear | Villager (Male) |
| 16:20 | Construir | Farm |
| 16:22 | Construir | House |
| 16:27 | Investigar | Town Watch |
| 16:56 | Crear | Militia |
| 16:56 | Crear | Militia |
| 16:56 | Crear | Militia |
| 17:19 | Crear | Militia |
| 17:19 | Crear | Militia |
| 17:23 | Crear | Battering Ram |
| 17:23 | Crear | Battering Ram |
| 17:36 | Crear | Militia |
| 17:37 | Crear | Militia |
| 18:01 | Construir | Stable |
| 18:05 | Crear | Villager (Male) |
| 18:05 | Crear | Villager (Male) |
| 18:18 | Crear | Villager (Male) |
| 18:19 | Crear | Villager (Male) |
| 18:30 | Crear | Villager (Male) |
| 18:31 | Crear | Villager (Male) |
| 18:50 | Crear | Villager (Male) |
| 18:57 | Crear | Villager (Male) |
| 18:57 | Crear | Villager (Male) |
| 19:26 | Crear | Villager (Male) |
| 19:28 | Crear | Villager (Male) |
| 19:35 | Construir | Farm |
| 19:35 | Construir | Farm |
| 19:36 | Construir | Farm |
| 19:36 | Construir | Farm |
| 19:36 | Construir | Farm |
| 19:36 | Construir | Farm |
| 19:37 | Construir | Farm |
| 19:51 | Crear | Villager (Male) |
| 19:51 | Crear | Villager (Male) |
| 19:59 | Construir | House |
| 20:00 | Construir | House |
| 20:00 | Construir | House |
| 20:01 | Construir | House |
| 20:01 | Construir | House |
| 20:01 | Construir | House |
| 20:02 | Crear | Villager (Male) |
| 20:06 | Construir | Lumber Camp |
| 20:08 | Construir | Farm |
| 20:08 | Construir | Farm |
| 20:09 | Construir | Farm |
| 20:09 | Construir | Farm |
| 20:09 | Construir | Farm |
| 20:09 | Construir | Farm |
| 20:09 | Construir | Farm |
| 20:10 | Construir | Farm |
| 20:10 | Construir | Farm |
| 20:20 | Crear | Militia |
| 20:20 | Crear | Militia |
| 20:21 | Crear | Militia |
| 21:01 | Crear | Villager (Male) |
| 21:06 | Crear | Villager (Male) |
| 21:26 | Crear | Militia |
| 21:27 | Crear | Militia |
| 22:03 | Crear | Villager (Male) |
| 22:04 | Crear | Villager (Male) |
| 22:07 | Construir | Farm |
| 22:07 | Construir | Farm |
| 22:07 | Construir | Farm |
| 22:07 | Construir | Farm |
| 22:08 | Construir | Farm |
| 22:08 | Construir | Farm |
| 22:14 | Construir | Market |
| 22:23 | Crear | Militia |
| 22:23 | Crear | Militia |
| 22:26 | Construir | Stable |
| 22:35 | Construir | Palisade Wall |
| 22:36 | Construir | Palisade Wall |
| 22:38 | Construir | Palisade Wall |
| 22:43 | Crear | Militia |
Build order — 劉劉家
Primeras 150 de 185 acciones detectadas
| 0:03 | Crear | Villager (Male) |
| 0:04 | Investigar | Loom |
| 0:04 | Crear | Villager (Male) |
| 0:05 | Crear | Villager (Male) |
| 0:05 | Crear | Villager (Male) |
| 0:05 | Crear | Villager (Male) |
| 0:07 | Construir | House |
| 0:09 | Construir | House |
| 1:39 | Crear | Villager (Male) |
| 1:40 | Crear | Villager (Male) |
| 2:09 | Construir | Lumber Camp |
| 2:40 | Crear | Villager (Male) |
| 2:40 | Crear | Villager (Male) |
| 2:41 | Crear | Villager (Male) |
| 3:36 | Crear | Villager (Male) |
| 3:36 | Crear | Villager (Male) |
| 3:37 | Crear | Villager (Male) |
| 4:13 | Construir | House |
| 4:44 | Crear | Villager (Male) |
| 5:10 | Crear | Villager (Male) |
| 5:26 | Construir | Palisade Wall |
| 5:41 | Construir | Palisade Wall |
| 5:43 | Construir | Palisade Wall |
| 5:45 | Crear | Villager (Male) |
| 5:56 | Crear | Villager (Male) |
| 6:01 | Construir | Palisade Wall |
| 6:11 | Construir | Mill |
| 6:26 | Construir | Palisade Wall |
| 6:29 | Crear | Villager (Male) |
| 6:46 | Crear | Villager (Male) |
| 7:11 | Construir | Palisade Wall |
| 7:28 | Crear | Villager (Male) |
| 7:30 | Crear | Villager (Male) |
| 7:36 | Construir | House |
| 7:59 | Construir | Mining Camp |
| 8:22 | Crear | Villager (Male) |
| 8:42 | Crear | Villager (Male) |
| 9:14 | Investigar | Feudal Age |
| 9:30 | Construir | Palisade Wall |
| 9:34 | Construir | Palisade Wall |
| 9:34 | Construir | Palisade Wall |
| 11:01 | Crear | Villager (Male) |
| 11:01 | Crear | Villager (Male) |
| 11:16 | Construir | House |
| 11:24 | Edad | Edad Feudal |
| 11:28 | Construir | Market |
| 11:30 | Construir | Blacksmith |
| 12:08 | Construir | Outpost |
| 12:22 | Investigar | Castle Age |
| 12:22 | Investigar | Castle Age |
| 12:29 | Construir | Outpost |
| 12:54 | Investigar | Double-Bit Axe |
| 12:55 | Investigar | Double-Bit Axe |
| 13:51 | Investigar | Horse Collar |
| 13:52 | Investigar | Horse Collar |
| 14:05 | Crear | Villager (Male) |
| 14:50 | Construir | House |
| 15:02 | Edad | Edad de los Castillos |
| 15:06 | Crear | Villager (Male) |
| 15:19 | Construir | Siege Workshop |
| 15:25 | Construir | Siege Workshop |
| 15:29 | Crear | Villager (Male) |
| 15:31 | Construir | House |
| 15:34 | Crear | Villager (Male) |
| 16:02 | Crear | Battering Ram |
| 16:11 | Construir | House |
| 16:23 | Investigar | Bow Saw |
| 16:23 | Investigar | Bow Saw |
| 16:29 | Crear | Villager (Male) |
| 16:51 | Crear | Battering Ram |
| 16:52 | Crear | Battering Ram |
| 16:59 | Construir | Outpost |
| 17:02 | Investigar | Town Watch |
| 17:20 | Construir | Farm |
| 17:29 | Crear | Villager (Male) |
| 17:35 | Crear | Battering Ram |
| 17:49 | Construir | Farm |
| 17:58 | Construir | Lumber Camp |
| 18:03 | Crear | Villager (Male) |
| 18:06 | Construir | Farm |
| 18:12 | Construir | Farm |
| 18:26 | Crear | Villager (Male) |
| 18:29 | Construir | Farm |
| 18:38 | Construir | Farm |
| 18:44 | Crear | Villager (Male) |
| 18:45 | Crear | Villager (Male) |
| 18:53 | Construir | Farm |
| 19:12 | Crear | Mangonel |
| 19:20 | Construir | Farm |
| 19:27 | Crear | Villager (Male) |
| 19:42 | Construir | Stone Wall |
| 19:51 | Construir | Stone Wall |
| 19:54 | Crear | Villager (Male) |
| 20:11 | Construir | Monastery |
| 20:12 | Crear | Villager (Male) |
| 20:21 | Crear | Villager (Male) |
| 20:31 | Construir | Farm |
| 20:32 | Construir | Farm |
| 20:38 | Crear | Villager (Male) |
| 21:02 | Investigar | Redemption |
| 21:08 | Construir | Farm |
| 21:10 | Crear | Villager (Male) |
| 21:14 | Construir | Mill |
| 21:14 | Construir | Farm |
| 21:14 | Construir | Farm |
| 21:15 | Construir | Farm |
| 21:15 | Construir | Farm |
| 21:15 | Construir | Farm |
| 21:29 | Construir | Outpost |
| 21:58 | Construir | House |
| 22:03 | Construir | Outpost |
| 22:05 | Crear | Villager (Male) |
| 22:11 | Construir | Farm |
| 22:12 | Construir | Farm |
| 22:16 | Crear | Monk |
| 22:24 | Construir | House |
| 22:26 | Crear | Villager (Male) |
| 22:31 | Construir | Farm |
| 22:49 | Investigar | Gold Mining |
| 22:53 | Crear | Villager (Male) |
| 22:56 | Construir | Mining Camp |
| 23:01 | Construir | Mining Camp |
| 23:04 | Crear | Villager (Male) |
| 23:08 | Investigar | Sanctity |
| 23:19 | Crear | Battering Ram |
| 23:29 | Construir | Farm |
| 23:30 | Construir | Farm |
| 23:30 | Construir | Farm |
| 23:38 | Crear | Monk |
| 23:39 | Crear | Villager (Male) |
| 23:58 | Crear | Villager (Male) |
| 24:00 | Construir | Farm |
| 24:34 | Crear | Monk |
| 24:36 | Crear | Villager (Male) |
| 24:45 | Construir | Farm |
| 24:46 | Construir | Farm |
| 24:46 | Construir | Farm |
| 24:47 | Construir | Farm |
| 24:48 | Crear | Villager (Male) |
| 25:15 | Construir | House |
| 25:15 | Construir | House |
| 25:35 | Crear | Villager (Male) |
| 25:37 | Construir | University |
| 26:40 | Crear | Villager (Male) |
| 26:41 | Investigar | Imperial Age |
| 27:08 | Crear | Monk |
| 27:09 | Crear | Monk |
| 28:13 | Construir | Castle |
| 28:19 | Crear | Villager (Male) |
| 29:24 | Crear | Monk |
Build order — MinorCloud9519
Primeras 150 de 194 acciones detectadas
| 0:01 | Crear | Villager (Male) |
| 0:02 | Crear | Villager (Male) |
| 0:02 | Crear | Villager (Male) |
| 0:04 | Construir | House |
| 0:08 | Construir | House |
| 0:34 | Investigar | Loom |
| 0:34 | Crear | Villager (Male) |
| 0:35 | Crear | Villager (Male) |
| 0:35 | Crear | Villager (Male) |
| 0:35 | Crear | Villager (Male) |
| 1:21 | Construir | Palisade Wall |
| 1:49 | Crear | Villager (Male) |
| 1:50 | Crear | Villager (Male) |
| 2:00 | Construir | Palisade Wall |
| 2:03 | Construir | Palisade Wall |
| 2:07 | Construir | Palisade Wall |
| 2:07 | Construir | Palisade Wall |
| 2:09 | Construir | Palisade Wall |
| 2:15 | Crear | Villager (Male) |
| 3:02 | Crear | Villager (Male) |
| 3:02 | Crear | Villager (Male) |
| 3:02 | Crear | Villager (Male) |
| 3:40 | Crear | Villager (Male) |
| 4:01 | Crear | Villager (Male) |
| 4:03 | Construir | House |
| 4:17 | Crear | Villager (Male) |
| 4:54 | Construir | Lumber Camp |
| 4:57 | Crear | Villager (Male) |
| 4:58 | Crear | Villager (Male) |
| 4:58 | Crear | Villager (Male) |
| 4:59 | Crear | Villager (Male) |
| 5:54 | Crear | Villager (Male) |
| 5:55 | Crear | Villager (Male) |
| 5:55 | Crear | Villager (Male) |
| 6:26 | Crear | Villager (Male) |
| 6:30 | Construir | House |
| 7:11 | Crear | Villager (Male) |
| 7:11 | Crear | Villager (Male) |
| 7:39 | Crear | Villager (Male) |
| 7:41 | Construir | Mill |
| 8:25 | Crear | Villager (Male) |
| 8:52 | Investigar | Feudal Age |
| 9:27 | Construir | Mining Camp |
| 9:52 | Construir | House |
| 10:44 | Crear | Villager (Male) |
| 10:45 | Crear | Villager (Male) |
| 11:24 | Construir | Market |
| 11:34 | Construir | Blacksmith |
| 11:39 | Crear | Villager (Male) |
| 11:49 | Construir | Stone Wall |
| 11:52 | Construir | Outpost |
| 11:59 | Construir | Stone Wall |
| 12:01 | Construir | Stone Wall |
| 12:03 | Construir | Stone Wall |
| 12:04 | Construir | Stone Wall |
| 12:10 | Construir | Outpost |
| 12:16 | Crear | Villager (Male) |
| 12:23 | Construir | Stone Wall |
| 12:25 | Construir | Stone Wall |
| 12:26 | Construir | Stone Wall |
| 12:28 | Construir | Outpost |
| 12:58 | Investigar | Castle Age |
| 13:03 | Construir | Mining Camp |
| 13:22 | Investigar | Double-Bit Axe |
| 13:22 | Investigar | Double-Bit Axe |
| 14:24 | Investigar | Stone Mining |
| 14:24 | Investigar | Stone Mining |
| 15:18 | Investigar | Wheelbarrow |
| 15:51 | Investigar | Bow Saw |
| 16:12 | Construir | Siege Workshop |
| 16:21 | Construir | House |
| 17:08 | Crear | Mangonel |
| 17:09 | Crear | Mangonel |
| 17:11 | Crear | Villager (Male) |
| 17:37 | Crear | Villager (Male) |
| 18:19 | Construir | Castle |
| 18:23 | Crear | Villager (Male) |
| 18:35 | Construir | Monastery |
| 18:57 | Crear | Villager (Male) |
| 19:28 | Construir | Town Center |
| 19:43 | Crear | Villager (Male) |
| 19:50 | Construir | Farm |
| 19:54 | Construir | Farm |
| 19:55 | Investigar | Horse Collar |
| 20:03 | Crear | Villager (Male) |
| 20:29 | Crear | Mangonel |
| 20:34 | Construir | Farm |
| 20:36 | Construir | Farm |
| 20:59 | Construir | Farm |
| 21:03 | Construir | Farm |
| 21:08 | Construir | Farm |
| 21:52 | Crear | Mangonel |
| 21:53 | Crear | Villager (Male) |
| 21:54 | Crear | Villager (Male) |
| 21:57 | Construir | Farm |
| 22:00 | Construir | Farm |
| 22:03 | Construir | Farm |
| 22:04 | Crear | Villager (Male) |
| 22:25 | Construir | Farm |
| 22:25 | Construir | Farm |
| 22:25 | Construir | Farm |
| 22:25 | Construir | Farm |
| 22:25 | Construir | Farm |
| 22:26 | Construir | Farm |
| 22:26 | Construir | Farm |
| 22:28 | Crear | Villager (Male) |
| 22:45 | Crear | Villager (Male) |
| 23:05 | Crear | Villager (Male) |
| 23:05 | Crear | Villager (Male) |
| 23:23 | Construir | Farm |
| 23:25 | Crear | Villager (Male) |
| 23:25 | Crear | Villager (Male) |
| 23:33 | Investigar | Gold Mining |
| 23:51 | Crear | Cataphract |
| 23:52 | Crear | Villager (Male) |
| 24:12 | Crear | Villager (Male) |
| 24:13 | Crear | Villager (Male) |
| 24:24 | Crear | Monk |
| 24:28 | Crear | Mangonel |
| 24:30 | Crear | Villager (Male) |
| 24:32 | Crear | Cataphract |
| 24:32 | Crear | Cataphract |
| 25:08 | Crear | Villager (Male) |
| 25:08 | Crear | Villager (Male) |
| 25:09 | Crear | Villager (Male) |
| 25:14 | Construir | Farm |
| 25:15 | Construir | Farm |
| 25:15 | Construir | Farm |
| 25:15 | Construir | Farm |
| 25:15 | Construir | Farm |
| 25:16 | Construir | Farm |
| 25:19 | Crear | Villager (Male) |
| 25:51 | Crear | Villager (Male) |
| 25:51 | Crear | Villager (Male) |
| 26:01 | Crear | Villager (Male) |
| 26:01 | Crear | Villager (Male) |
| 26:02 | Crear | Cataphract |
| 26:27 | Crear | Villager (Male) |
| 26:28 | Crear | Villager (Male) |
| 26:39 | Crear | Villager (Male) |
| 26:40 | Crear | Mangonel |
| 26:41 | Crear | Villager (Male) |
| 26:42 | Crear | Villager (Male) |
| 26:53 | Construir | House |
| 26:54 | Construir | House |
| 26:54 | Construir | House |
| 26:54 | Construir | House |
| 26:55 | Construir | House |
| 26:55 | Construir | House |
| 26:55 | Construir | House |
Build order — 李太尊
Primeras 150 de 196 acciones detectadas
| 0:01 | Crear | Villager (Male) |
| 0:02 | Crear | Villager (Male) |
| 0:03 | Construir | House |
| 0:03 | Crear | Villager (Male) |
| 0:03 | Crear | Villager (Male) |
| 0:04 | Crear | Villager (Male) |
| 0:06 | Construir | House |
| 0:13 | Construir | House |
| 0:36 | Investigar | Loom |
| 0:46 | Construir | Palisade Wall |
| 0:51 | Crear | Villager (Male) |
| 0:51 | Crear | Villager (Male) |
| 0:51 | Crear | Villager (Male) |
| 1:36 | Crear | Villager (Male) |
| 1:36 | Crear | Villager (Male) |
| 3:10 | Crear | Villager (Male) |
| 3:10 | Crear | Villager (Male) |
| 3:14 | Crear | Villager (Male) |
| 3:14 | Crear | Villager (Male) |
| 3:35 | Construir | Palisade Wall |
| 3:37 | Construir | Palisade Wall |
| 3:40 | Construir | Palisade Wall |
| 3:41 | Construir | Palisade Wall |
| 3:43 | Construir | Palisade Wall |
| 3:48 | Construir | Palisade Wall |
| 3:55 | Crear | Villager (Male) |
| 3:55 | Crear | Villager (Male) |
| 4:26 | Crear | Villager (Male) |
| 4:26 | Crear | Villager (Male) |
| 5:00 | Crear | Villager (Male) |
| 5:00 | Crear | Villager (Male) |
| 5:00 | Crear | Villager (Male) |
| 5:22 | Construir | Palisade Wall |
| 5:26 | Construir | Palisade Wall |
| 6:50 | Construir | Settlement |
| 7:37 | Crear | Villager (Male) |
| 7:37 | Crear | Villager (Male) |
| 8:02 | Crear | Villager (Male) |
| 8:03 | Crear | Villager (Male) |
| 8:09 | Construir | Settlement |
| 8:26 | Crear | Villager (Male) |
| 8:26 | Crear | Villager (Male) |
| 8:51 | Crear | Villager (Male) |
| 8:52 | Crear | Villager (Male) |
| 9:15 | Crear | Villager (Male) |
| 9:15 | Crear | Villager (Male) |
| 9:32 | Crear | Villager (Male) |
| 9:32 | Crear | Villager (Male) |
| 9:48 | Construir | Settlement |
| 9:51 | Crear | Villager (Male) |
| 10:16 | Crear | Villager (Male) |
| 10:16 | Crear | Villager (Male) |
| 10:40 | Crear | Villager (Male) |
| 10:41 | Crear | Villager (Male) |
| 11:09 | Construir | Barracks |
| 11:14 | Crear | Villager (Male) |
| 11:14 | Crear | Villager (Male) |
| 11:14 | Crear | Villager (Male) |
| 11:15 | Crear | Villager (Male) |
| 11:56 | Crear | Villager (Male) |
| 11:56 | Crear | Villager (Male) |
| 12:03 | Crear | Unit 2550 |
| 12:03 | Crear | Unit 2550 |
| 12:55 | Crear | Villager (Male) |
| 13:03 | Construir | House |
| 13:09 | Crear | Unit 2550 |
| 13:22 | Investigar | Feudal Age |
| 13:53 | Crear | Villager (Male) |
| 13:54 | Crear | Villager (Male) |
| 13:57 | Crear | Unit 2550 |
| 14:05 | Construir | Settlement |
| 14:33 | Crear | Unit 2550 |
| 15:16 | Crear | Unit 2550 |
| 15:38 | Edad | Edad Feudal |
| 15:41 | Investigar | Tech 1402 |
| 15:51 | Investigar | Arson |
| 15:56 | Crear | Villager (Male) |
| 16:02 | Investigar | Double-Bit Axe |
| 16:04 | Investigar | Horse Collar |
| 16:15 | Crear | Unit 2550 |
| 16:40 | Crear | Unit 2550 |
| 16:43 | Construir | Blacksmith |
| 17:28 | Construir | Farm |
| 17:28 | Crear | Villager (Male) |
| 17:31 | Crear | Villager (Male) |
| 17:56 | Investigar | Scale Mail Armor |
| 17:56 | Investigar | Forging |
| 18:08 | Construir | Barracks |
| 18:11 | Crear | Villager (Male) |
| 18:11 | Crear | Villager (Male) |
| 18:20 | Construir | Farm |
| 18:22 | Construir | Farm |
| 18:23 | Crear | Villager (Male) |
| 18:25 | Construir | Farm |
| 18:45 | Construir | Palisade Wall |
| 18:56 | Construir | Palisade Wall |
| 18:59 | Construir | Palisade Wall |
| 19:10 | Crear | Villager (Male) |
| 19:15 | Construir | Barracks |
| 19:16 | Crear | Villager (Male) |
| 19:24 | Construir | Palisade Wall |
| 19:26 | Construir | Palisade Wall |
| 19:31 | Crear | Unit 2550 |
| 19:32 | Crear | Unit 2550 |
| 19:37 | Crear | Villager (Male) |
| 19:38 | Crear | Villager (Male) |
| 19:47 | Crear | Unit 2550 |
| 19:47 | Crear | Unit 2550 |
| 19:56 | Crear | Unit 2550 |
| 20:03 | Crear | Unit 2550 |
| 20:03 | Crear | Unit 2550 |
| 20:14 | Crear | Unit 2550 |
| 20:14 | Crear | Unit 2550 |
| 20:16 | Construir | Farm |
| 20:17 | Construir | Farm |
| 20:27 | Construir | Palisade Wall |
| 20:46 | Crear | Unit 2550 |
| 21:14 | Crear | Unit 2550 |
| 21:16 | Crear | Villager (Male) |
| 21:35 | Construir | House |
| 21:36 | Crear | Villager (Male) |
| 21:43 | Construir | House |
| 21:56 | Crear | Villager (Male) |
| 22:17 | Crear | Unit 2550 |
| 22:24 | Crear | Unit 2550 |
| 22:25 | Crear | Villager (Male) |
| 22:32 | Construir | House |
| 22:43 | Crear | Unit 2550 |
| 22:43 | Crear | Unit 2550 |
| 22:48 | Construir | Barracks |
| 22:59 | Crear | Unit 2550 |
| 23:08 | Construir | Farm |
| 23:10 | Construir | Farm |
| 23:13 | Construir | Farm |
| 23:29 | Construir | House |
| 23:37 | Crear | Unit 2550 |
| 23:37 | Crear | Unit 2550 |
| 23:54 | Crear | Villager (Male) |
| 23:57 | Construir | Settlement |
| 24:16 | Construir | House |
| 24:21 | Crear | Unit 2550 |
| 24:22 | Crear | Unit 2550 |
| 24:35 | Construir | Stone Wall |
| 24:40 | Construir | Stone Wall |
| 24:47 | Crear | Villager (Male) |
| 24:47 | Crear | Villager (Male) |
| 24:54 | Construir | Farm |
| 24:59 | Construir | Farm |
| 25:01 | Construir | Farm |
| 25:35 | Construir | Palisade Gate |
Cronología de la partida
| 0:46 | 李太尊 · wall_segment Palisade Wall x13 |
| 1:21 | MinorCloud9519 · wall_segment Palisade Wall x8 |
| 2:00 | Deer140 · wall_segment Palisade Wall x8 |
| 2:00 | MinorCloud9519 · wall_segment Palisade Wall x3 |
| 2:03 | MinorCloud9519 · wall_segment Palisade Wall x5 |
| 2:07 | MinorCloud9519 · wall_segment Palisade Wall x7 |
| 2:07 | MinorCloud9519 · wall_segment Palisade Wall x1 |
| 2:09 | MinorCloud9519 · wall_segment Palisade Wall x1 |
| 2:38 | SisyphusClimbs · wall_segment Palisade Wall x12 |
| 3:35 | 李太尊 · wall_segment Palisade Wall x1 |
| 3:37 | 李太尊 · wall_segment Palisade Wall x1 |
| 3:40 | 李太尊 · wall_segment Palisade Wall x1 |
| 3:41 | 李太尊 · wall_segment Palisade Wall x1 |
| 3:43 | Deer140 · wall_segment Palisade Wall x8 |
| 3:43 | 李太尊 · wall_segment Palisade Wall x1 |
| 3:48 | 李太尊 · wall_segment Palisade Wall x1 |
| 4:29 | SisyphusClimbs · wall_segment Palisade Wall x4 |
| 4:48 | Deer140 · wall_segment Palisade Wall x7 |
| 5:11 | the Puchu · wall_segment Palisade Wall x1 |
| 5:13 | the Puchu · wall_segment Palisade Wall x2 |
| 5:14 | the Puchu · wall_segment Palisade Wall x1 |
| 5:22 | 李太尊 · wall_segment Palisade Wall x1 |
| 5:26 | 劉劉家 · wall_segment Palisade Wall x8 |
| 5:26 | 李太尊 · wall_segment Palisade Wall x1 |
| 5:41 | 劉劉家 · wall_segment Palisade Wall x4 |
| 5:43 | 劉劉家 · wall_segment Palisade Wall x3 |
| 6:01 | 劉劉家 · wall_segment Palisade Wall x1 |
| 6:26 | 劉劉家 · wall_segment Palisade Wall x1 |
| 7:11 | 劉劉家 · wall_segment Palisade Wall x12 |
| 7:26 | the Puchu · wall_segment Palisade Wall x6 |
| 9:30 | 劉劉家 · wall_segment Palisade Wall x1 |
| 9:34 | 劉劉家 · wall_segment Palisade Wall x7 |
| 9:34 | 劉劉家 · wall_segment Palisade Wall x1 |
| 10:01 | 凱瑞Kary · age_up feudal |
| 10:46 | the Puchu · first_building Barracks |
| 11:09 | 李太尊 · first_building Barracks |
| 11:24 | 劉劉家 · age_up feudal |
| 11:45 | 諸葛馬摩說錦囊有妙計 · age_up feudal |
| 11:49 | MinorCloud9519 · wall_segment Stone Wall x7 |
| 11:55 | SisyphusClimbs · age_up feudal |
| 11:59 | MinorCloud9519 · wall_segment Stone Wall x3 |
| 12:01 | MinorCloud9519 · wall_segment Stone Wall x1 |
| 12:03 | MinorCloud9519 · wall_segment Stone Wall x1 |
| 12:04 | MinorCloud9519 · wall_segment Stone Wall x3 |
| 12:23 | MinorCloud9519 · wall_segment Stone Wall x5 |
| 12:25 | MinorCloud9519 · wall_segment Stone Wall x1 |
| 12:26 | MinorCloud9519 · wall_segment Stone Wall x1 |
| 12:30 | the Puchu · wall_segment Palisade Wall x1 |
| 12:53 | Deer140 · age_up feudal |
| 13:19 | the Puchu · age_up feudal |
| 13:20 | 凱瑞Kary · age_up castle |
| 13:54 | Deer140 · first_market_sell 100 wood |
| 14:20 | the Puchu · first_building Siege Workshop |
| 14:24 | 凱瑞Kary · first_market_buy 100 stone |
| 15:02 | 劉劉家 · age_up castle |
| 15:19 | 劉劉家 · first_building Siege Workshop |
| 15:38 | 李太尊 · age_up feudal |
| 15:40 | 諸葛馬摩說錦囊有妙計 · age_up castle |
| 15:50 | SisyphusClimbs · age_up castle |
| 16:12 | MinorCloud9519 · first_building Siege Workshop |
| 16:35 | Deer140 · age_up castle |
| 18:01 | the Puchu · first_building Stable |
| 18:04 | MinorCloud9519 · first_market_sell 100 food |
| 18:19 | MinorCloud9519 · first_building Castle |
| 18:35 | MinorCloud9519 · first_building Monastery |
| 18:45 | 李太尊 · wall_segment Palisade Wall x1 |
| 18:56 | 李太尊 · wall_segment Palisade Wall x1 |
| 18:59 | 李太尊 · wall_segment Palisade Wall x1 |
| 19:24 | MinorCloud9519 · first_market_buy 100 stone |
| 19:24 | 李太尊 · wall_segment Palisade Wall x1 |
| 19:26 | 李太尊 · wall_segment Palisade Wall x1 |
| 19:42 | 劉劉家 · wall_segment Stone Wall x1 |
| 19:51 | 劉劉家 · wall_segment Stone Wall x17 |
| 20:11 | 劉劉家 · first_building Monastery |
| 20:11 | Deer140 · first_building Monastery |
| 20:27 | 李太尊 · wall_segment Palisade Wall x3 |
| 20:51 | Deer140 · first_market_buy 100 stone |
| 21:35 | SisyphusClimbs · first_building Monastery |
| 21:37 | 諸葛馬摩說錦囊有妙計 · first_building Barracks |
| 22:34 | 凱瑞Kary · first_building Castle |
| 22:35 | 諸葛馬摩說錦囊有妙計 · first_building Stable |
| 22:35 | the Puchu · wall_segment Palisade Wall x1 |
| 22:36 | the Puchu · wall_segment Palisade Wall x1 |
| 22:38 | the Puchu · wall_segment Palisade Wall x1 |
| 23:16 | 劉劉家 · first_market_sell 100 wood |
| 24:35 | 李太尊 · wall_segment Stone Wall x15 |
| 24:40 | 李太尊 · wall_segment Stone Wall x2 |
| 24:53 | SisyphusClimbs · first_building Barracks |
| 25:16 | 諸葛馬摩說錦囊有妙計 · first_building Siege Workshop |
| 25:45 | Deer140 · first_building Barracks |
| 26:57 | Deer140 · first_building Stable |
| 27:07 | 李太尊 · wall_segment Stone Wall x8 |
| 27:30 | SisyphusClimbs · first_building Siege Workshop |
| 27:52 | 凱瑞Kary · first_building Barracks |
| 27:55 | Deer140 · first_building Siege Workshop |
| 27:57 | 劉劉家 · first_market_buy 100 stone |
| 28:13 | 劉劉家 · first_building Castle |
| 28:44 | 凱瑞Kary · age_up imperial |
| 28:58 | 凱瑞Kary · first_building Stable |
| 29:03 | 諸葛馬摩說錦囊有妙計 · first_market_sell 100 food |
| 29:04 | Deer140 · first_building Castle |
| 29:19 | Deer140 · age_up imperial |
| 29:25 | SisyphusClimbs · first_building Castle |
| 29:27 | 諸葛馬摩說錦囊有妙計 · first_building Castle |
| 29:53 | 劉劉家 · age_up imperial |
| 30:37 | SisyphusClimbs · first_market_sell 100 wood |
| 31:27 | the Puchu · resign |
| 31:40 | 劉劉家 · wall_segment Stone Wall x1 |
| 32:55 | 李太尊 · age_up castle |
| 33:53 | 劉劉家 · first_building Barracks |
[ ANÁLISIS IA · 1 CRÉDITO ]
¿Qué pasó realmente en esta partida?
Wolo.gg analiza cada decisión: build order, eco, micro, errores típicos por bracket. Análisis personalizado por WhatsApp o Discord en 30 segundos.
Guía civ
Persas
Perfil
Jugador #2928565